Map: Kairos Junction LE

Players

MarineLorD - Winner!

  • Race: Terran Terran
  • Spawn Location: 11:00

VitamiN

  • Race: Zerg Zerg
  • Spawn Location: 5:00

Event: 2019 WCS Summer

VOD

Have the link to the VOD?

Description

Time

  • Played on: July 12, 2019, 6:04 a.m.
  • Length: 5:03

All games in this series

Show
View Real Time Build Order
Export as new Build Order

MarineLorD Terran - Winner!

Build Orders: Gas First Reaper Expand 

Get SALT Encoding   

  12  0:00  SCV  
  13  0:12  SCV  
  14  0:17  Supply Depot  
  14  0:24  SCV  
  15  0:29  Refinery  
  15  0:38  SCV  
  16  0:44  Barracks  
  16  0:50  SCV  
  17  1:03  SCV  
  18  1:15  SCV  
  19  1:30  Orbital Command  
  19  1:31  Reaper  
  20  1:43  Command Center  
  20  1:56  SCV  
  20  1:59  Factory  
  21  2:06  Barracks Reactor  
  21  2:11  SCV  
  21  2:13  Supply Depot  
  22  2:28  Refinery, SCV  
  23  2:37  Bunker  
  23  2:40  SCV  
  23  2:43  Factory Tech Lab, Marine x2  
  26  2:57  Orbital Command  
  27  3:01  Marine x2  
  27  3:03  Siege Tank  
  30  3:13  SCV  
  30  3:19  Starport  
  31  3:23  Marine  
  31  3:27  SCV  
  33  3:30  SCV  
  33  3:34  Marine  
  36  3:42  Marine  
  36  3:47  SCV  
  37  3:51  Marine, SCV  
  38  3:58  Siege Tank  
  42  4:03  Marine  
  42  4:09  Marine  
  44  4:11  Supply Depot  
  37  4:17  Medivac  
  43  4:18  SCV  
  46  4:32  Marine  
  46  4:36  SCV  
  52  4:39  Supply Depot  
  52  4:43  Supply Depot  
  51  4:47  SCV  
  51  4:50  SCV  
Show
View Real Time Build Order
Export as new Build Order

VitamiN Zerg 

Build Orders: Pool First, Ravager All-In 

Get SALT Encoding   

  12  0:01  Drone  
  13  0:13  Overlord  
  13  0:17  Drone  
  14  0:31  Drone x2  
  14  0:35  Drone  
  17  0:45  Spawning Pool  
  17  0:49  Drone  
  17  1:11  Hatchery  
  17  1:14  Drone  
  17  1:19  Extractor  
  17  1:21  Extractor  
  15  1:32  Zergling x6  
  18  1:42  Roach Warren  
  17  1:50  Overlord  
  17  2:25  Roach x3  
  17  2:28  Roach  
  24  2:39  Roach  
  26  2:48  Roach  
  28  2:52  Ravager  
  28  2:57  Ravager  
  30  2:58  Ravager  
  30  3:11  Ravager  
  30  3:24  Ravager  
  31  3:37  Ravager  
  31  3:38  Overlord  
  29  3:59  Roach  
  29  4:00  Roach x2  
  32  4:11  Roach x2  
  36  4:22  Overlord  
  36  4:37  Ravager  
  36  4:38  Ravager  
  35  4:44  Roach  
  35  4:45  Ravager  
  36  4:57  Ravager  
Tags
 
Add a new tag
Caveats
  • Supply blocks, unpowered buildings, or Contaminate may cause inaccurate times.
  • Supply counts are checked every 10 seconds.